NCAA
AUBURN TIGERS @ ARIZONA STATE SUN DEVILS
04/28/2028
 
TOP OF THE 1ST
Auburn Tigers batting - Pitching for Arizona State Sun Devils : LHP Mike Drake
Pitching: LHP Mike Drake
Batting: RHB Bill Petty 0-0: Called Strike
0-1: Ball
1-1: Ball
2-1: Called Strike
2-2: TRIPLE (Line Drive, 9LS)
Batting: RHB Travis Curtis 0-0: Called Strike
0-1: Ball
1-1: Foul Ball, location: 2F
1-2: Foul Ball, location: 2F
1-2: Ball
2-2: Strikes out swinging
Batting: RHB Robert Porter 0-0: Foul Ball, location: 2F
0-1: Ball
1-1: Foul Ball, location: 2F
1-2: Strikes out swinging
Batting: SHB Bruce MacPherson 0-0: Called Strike
0-1: Ball
1-1: Foul Ball, location: 2F
1-2: Strikes out looking
Top of the 1st over - 0 run(s), 1 hit(s), 0 error(s), 1 left on base; Auburn 0 - Arizona State 0
BOTTOM OF THE 1ST
Arizona State Sun Devils batting - Pitching for Auburn Tigers : RHP Luis Osón
Pitching: RHP Luis Osón
Batting: LHB Ryan Billman 0-0: Ball
1-0: Ground out 5-3 (Groundball, 56)
Batting: SHB Paul Davenport 0-0: Foul Ball, location: 2F
0-1: SINGLE (Flyball, 9S)
Batting: RHB Cristo Avalos 0-0: Ball
1-0: Ball
2-0: Called Strike
2-1: Foul Ball, location: 2F
2-2: Strikes out swinging
Batting: RHB Tim Oliver 0-0: Ball
1-0: Ball
2-0: Ball
3-0: Called Strike
3-1: Foul Ball, location: 2F
3-2: Foul Ball, location: 2F
3-2: Base on Balls
Paul Davenport to second
Batting: LHB Werner Fisher 0-0: Ball
1-0: Called Strike
1-1: Ball
2-1: Ball
3-1: Base on Balls
Paul Davenport to third
Tim Oliver to second
Batting: LHB José Serrano 0-0: Ball
1-0: Ball
2-0: Called Strike
2-1: Ball
3-1: Base on Balls
Paul Davenport scores
Tim Oliver to third
Werner Fisher to second
Batting: SHB Doyle Goodwin 0-0: Fielders Choice at 2nd, 4-6 (Groundball, 4)
Bottom of the 1st over - 1 run(s), 1 hit(s), 0 error(s), 2 left on base; Auburn 0 - Arizona State 1
TOP OF THE 2ND
Auburn Tigers batting - Pitching for Arizona State Sun Devils : LHP Mike Drake
Batting: LHB Matt Kennedy 0-0: Ball
1-0: Ball
2-0: Foul Ball, location: 2F
2-1: Foul Ball, location: 2F
2-2: Foul Ball, location: 2F
2-2: Strikes out swinging
Batting: RHB Mike Farley 0-0: Called Strike
0-1: Called Strike
0-2: Strikes out swinging
Batting: SHB Andrew Johnson 0-0: Swinging Strike
0-1: Foul Ball, location: 2F
0-2: Ground out 4-3 (Groundball, 4)
Top of the 2nd over - 0 run(s), 0 hit(s), 0 error(s), 0 left on base; Auburn 0 - Arizona State 1
BOTTOM OF THE 2ND
Arizona State Sun Devils batting - Pitching for Auburn Tigers : RHP Luis Osón
Batting: LHB Juan Guzmán 0-0: Fly out, F8 (Flyball, 8LS)
Batting: LHB John Turner 0-0: Ball
1-0: Foul Ball, location: 2F
1-1: Ball
2-1: Foul Ball, location: 2F
2-2: Ball
3-2: Ground out 6-3 (Groundball, 6)
Batting: LHB Ryan Billman 0-0: Ground out 1-3 (Groundball, P)
Bottom of the 2nd over - 0 run(s), 0 hit(s), 0 error(s), 0 left on base; Auburn 0 - Arizona State 1
TOP OF THE 3RD
Auburn Tigers batting - Pitching for Arizona State Sun Devils : LHP Mike Drake
Batting: RHB Patrick Stewart 0-0: Swinging Strike
0-1: Called Strike
0-2: Foul Ball, location: 2F
0-2: Foul Ball, location: 2F
0-2: Foul Ball, location: 2F
0-2: Strikes out swinging
Batting: SHB Anthony Thomas 0-0: Ball
1-0: Swinging Strike
1-1: SINGLE (Line Drive, 6M)
Batting: RHB Bill Petty 0-0: Foul Ball, location: 2F
0-1: Swinging Strike
0-2: Strikes out swinging
Batting: RHB Travis Curtis 0-0: Reached on error, E6 (Groundball, 6)
Anthony Thomas to second
Batting: RHB Robert Porter 0-0: Ball
1-0: Swinging Strike
1-1: Ball
2-1: Fly out, F7 (Flyball, 7LS)
Top of the 3rd over - 0 run(s), 1 hit(s), 1 error(s), 2 left on base; Auburn 0 - Arizona State 1
BOTTOM OF THE 3RD
Arizona State Sun Devils batting - Pitching for Auburn Tigers : RHP Luis Osón
Batting: SHB Paul Davenport 0-0: Ball
1-0: Ball
2-0: Ball
3-0: Called Strike
3-1: Ground out 3-1 (Groundball, 34)
Batting: RHB Cristo Avalos 0-0: Ball
1-0: Ball
2-0: Ball
3-0: Base on Balls
Batting: RHB Tim Oliver 0-0: Called Strike
0-1: Called Strike
0-2: Foul Ball, location: 2F
0-2: Ball
1-2: Ball
2-2: Strikes out swinging
Batting: LHB Werner Fisher 0-0: Called Strike
0-1: Ground out 5-3 (Groundball, 56S)
Bottom of the 3rd over - 0 run(s), 0 hit(s), 0 error(s), 1 left on base; Auburn 0 - Arizona State 1
TOP OF THE 4TH
Auburn Tigers batting - Pitching for Arizona State Sun Devils : LHP Mike Drake
Batting: SHB Bruce MacPherson 0-0: Swinging Strike
0-1: Called Strike
0-2: Foul Ball, location: 2F
0-2: Strikes out looking
Batting: LHB Matt Kennedy 0-0: Ball
1-0: Called Strike
1-1: Called Strike
1-2: Ball
2-2: Foul Ball, location: 2F
2-2: Ball
3-2: Base on Balls
Batting: RHB Mike Farley 0-0: Called Strike
0-1: Foul Ball, location: 2F
0-2: Ball
1-2: Ball
2-2: Foul Ball, location: 2F
2-2: Foul Ball, location: 2F
2-2: Foul Ball, location: 2F
2-2: Strikes out swinging
Batting: SHB Andrew Johnson 0-0: Ball
1-0: Ground out 6-3 (Groundball, 6MS)
Top of the 4th over - 0 run(s), 0 hit(s), 0 error(s), 1 left on base; Auburn 0 - Arizona State 1
BOTTOM OF THE 4TH
Arizona State Sun Devils batting - Pitching for Auburn Tigers : RHP Luis Osón
Batting: LHB José Serrano 0-0: Fly out, F8 (Flyball, 8LD)
Batting: SHB Doyle Goodwin 0-0: Swinging Strike
0-1: SINGLE (Flyball, 8RS)
Batting: LHB Juan Guzmán 0-0: Swinging Strike
0-1: Called Strike
0-2: Ball
1-2: Foul Ball, location: 2F
1-2: Ball
2-2: Foul Ball, location: 2F
2-2: SINGLE (Flyball, 89S)
Doyle Goodwin to second
Runner from 2nd tries for 3rd, SAFE, throw made to third
Juan Guzmán to second
Batting: LHB John Turner 0-0: Called Strike
0-1: Ball
1-1: Ball
2-1: Swinging Strike
2-2: Foul Ball, location: 2F
2-2: Strikes out swinging
Batting: LHB Ryan Billman 0-0: Called Strike
0-1: Called Strike
0-2: Ball
1-2: Ground out 4-3 (Groundball, 4M)
Bottom of the 4th over - 0 run(s), 2 hit(s), 0 error(s), 2 left on base; Auburn 0 - Arizona State 1
TOP OF THE 5TH
Auburn Tigers batting - Pitching for Arizona State Sun Devils : LHP Mike Drake
Batting: RHB Patrick Stewart 0-0: Ball
1-0: Ball
2-0: Swinging Strike
2-1: Ball
3-1: SOLO HOME RUN (Flyball, 78XD), Distance : 391 ft
Batting: SHB Anthony Thomas 0-0: Ball
1-0: Fly out, F9 (Flyball, 9)
Batting: RHB Bill Petty 0-0: Ball
1-0: Ground out 6-3 (Groundball, 6)
Batting: RHB Travis Curtis 0-0: Swinging Strike
0-1: Foul Ball, location: 2F
0-2: Ball
1-2: Ball
2-2: Ground out 4-3 (Groundball, 4S)
Top of the 5th over - 1 run(s), 1 hit(s), 0 error(s), 0 left on base; Auburn 1 - Arizona State 1
BOTTOM OF THE 5TH
Arizona State Sun Devils batting - Pitching for Auburn Tigers : RHP Luis Osón
Batting: SHB Paul Davenport 0-0: Foul Ball, location: 2F
0-1: Called Strike
0-2: Foul Ball, location: 2F
0-2: Strikes out swinging
Batting: RHB Cristo Avalos 0-0: Called Strike
0-1: Fly out, F9 (Flyball, 89S)
Batting: RHB Tim Oliver 0-0: Ball
1-0: Called Strike
1-1: Called Strike
1-2: Foul Ball, location: 2F
1-2: Strikes out swinging
Bottom of the 5th over - 0 run(s), 0 hit(s), 0 error(s), 0 left on base; Auburn 1 - Arizona State 1
TOP OF THE 6TH
Auburn Tigers batting - Pitching for Arizona State Sun Devils : LHP Mike Drake
Pitching: LHP Marvin Hill
Batting: RHB Robert Porter 0-0: Ball
1-0: Ball
2-0: Called Strike
2-1: Foul Ball, location: 2F
2-2: Foul Ball, location: 2F
2-2: Ball
3-2: SINGLE (Groundball, 6S) (infield hit)
Batting: SHB Bruce MacPherson 0-0: Foul Ball, location: 2F
0-1: Called Strike
0-2: Strikes out swinging
Batting: LHB Matt Kennedy 0-0: Swinging Strike
0-1: Ball
1-1: Ball
Robert Porter steals 2nd base
2-1: Intentional Walk
Batting: RHB Mike Farley 0-0: Ball
Wild Pitch!
Robert Porter to third
Matt Kennedy to second
1-0: Swinging Strike
1-1: Ground out 5-3 (Groundball, 5L)
Batting: SHB Andrew Johnson 0-0: Ground out 6-3 (Groundball, 6S)
Top of the 6th over - 0 run(s), 1 hit(s), 0 error(s), 2 left on base; Auburn 1 - Arizona State 1
BOTTOM OF THE 6TH
Arizona State Sun Devils batting - Pitching for Auburn Tigers : RHP Luis Osón
Pitching: RHP Brandon Davis
Batting: LHB Werner Fisher 0-0: Ball
1-0: Ground out 4-3 (Groundball, 4)
Batting: LHB José Serrano 0-0: Reached on error, E3 (Groundball, 3)
Batting: SHB Doyle Goodwin 0-0: Called Strike
0-1: Swinging Strike
0-2: Ball
Wild Pitch!
José Serrano to second
1-2: Ball
2-2: Ball
3-2: Strikes out swinging
Batting: LHB Juan Guzmán 0-0: Called Strike
0-1: Ball
1-1: Ball
2-1: Swinging Strike
2-2: Strikes out looking
Bottom of the 6th over - 0 run(s), 0 hit(s), 1 error(s), 1 left on base; Auburn 1 - Arizona State 1
TOP OF THE 7TH
Auburn Tigers batting - Pitching for Arizona State Sun Devils : LHP Marvin Hill
Batting: RHB Patrick Stewart 0-0: SINGLE (Line Drive, 78S)
Batting: SHB Anthony Thomas 0-0: Ball
1-0: Sac Bunt - play at first, batter OUT! 1-4
Patrick Stewart to second
Batting: RHB Bill Petty 0-0: Called Strike
0-1: Swinging Strike
0-2: Foul Ball, location: 2F
0-2: Ball
1-2: Ball
2-2: Strikes out looking
Batting: RHB Travis Curtis 0-0: Called Strike
0-1: Foul Ball, location: 2F
0-2: Ball
1-2: Ball
2-2: Foul Ball, location: 2F
2-2: Ball
3-2: SINGLE (Line Drive, 89S)
Patrick Stewart to third
Patrick Stewart scores
Batting: RHB Robert Porter 0-0: Called Strike
0-1: Foul Ball, location: 2F
0-2: Strikes out swinging
Top of the 7th over - 1 run(s), 2 hit(s), 0 error(s), 1 left on base; Auburn 2 - Arizona State 1
BOTTOM OF THE 7TH
Arizona State Sun Devils batting - Pitching for Auburn Tigers : RHP Brandon Davis
Pitching: LHP Carl Piña
Batting: LHB John Turner 0-0: Swinging Strike
0-1: Foul Ball, location: 2F
0-2: Fly out, F9 (Flyball, 9)
Pitching: RHP Simon Ward
Batting: LHB Ryan Billman 0-0: Fly out, F4 (Line Drive, 4)
Batting: SHB Paul Davenport 0-0: Swinging Strike
0-1: Ball
1-1: Ball
2-1: Swinging Strike
2-2: Foul Ball, location: 2F
2-2: Strikes out swinging
Bottom of the 7th over - 0 run(s), 0 hit(s), 0 error(s), 0 left on base; Auburn 2 - Arizona State 1
TOP OF THE 8TH
Auburn Tigers batting - Pitching for Arizona State Sun Devils : LHP Marvin Hill
Batting: SHB Bruce MacPherson 0-0: Reached on error, E6 (Groundball, 6)
Batting: LHB Matt Kennedy 0-0: Intentional Walk
Batting: RHB Mike Farley 0-0: Called Strike
0-1: Foul Ball, location: 2F
0-2: Ball
1-2: Ball
2-2: Fly out, F9 (Flyball, 9LMF)
Batting: SHB Andrew Johnson 0-0: Foul Ball, location: 2F
0-1: Called Strike
0-2: SINGLE (Line Drive, 89S)
Bruce MacPherson to third
Matt Kennedy to second
Runner from 3rd tries for Home, SAFE, throw made home
Matt Kennedy to third
Andrew Johnson to second
Pitching: RHP Carl Richter
Batting: RHB Patrick Stewart 0-0: Ball
1-0: Foul Ball, location: 2F
1-1: Ball
2-1: Fly out, F5 (Popup, 5L)
Batting: SHB Anthony Thomas 0-0: Fly out, F9 (Flyball, 9)
Top of the 8th over - 1 run(s), 1 hit(s), 1 error(s), 2 left on base; Auburn 3 - Arizona State 1
BOTTOM OF THE 8TH
Arizona State Sun Devils batting - Pitching for Auburn Tigers : RHP Simon Ward
Batting: RHB Cristo Avalos 0-0: Ground out 4-3 (Groundball, 4M)
Batting: RHB Tim Oliver 0-0: Called Strike
0-1: SINGLE (Flyball, 9LS) - OUT at second base trying to stretch hit.
Batting: LHB Werner Fisher 0-0: Called Strike
0-1: Ball
1-1: Called Strike
1-2: Ball
2-2: Fly out, F7 (Line Drive, 7)
Bottom of the 8th over - 0 run(s), 1 hit(s), 0 error(s), 0 left on base; Auburn 3 - Arizona State 1
TOP OF THE 9TH
Auburn Tigers batting - Pitching for Arizona State Sun Devils : RHP Carl Richter
Batting: RHB Bill Petty 0-0: Fly out, F8 (Flyball, 89M)
Batting: RHB Travis Curtis 0-0: Ball
1-0: Ball
2-0: Ground out 6-3 (Groundball, 6)
Batting: RHB Robert Porter 0-0: Ball
1-0: Called Strike
1-1: Ball
2-1: SINGLE (Groundball, 56D)
Batting: SHB Bruce MacPherson 0-0: Ball
1-0: Swinging Strike
1-1: Ball
2-1: Swinging Strike
2-2: Foul Ball, location: 2F
2-2: Foul Ball, location: 2F
2-2: Strikes out swinging
Top of the 9th over - 0 run(s), 1 hit(s), 0 error(s), 1 left on base; Auburn 3 - Arizona State 1
BOTTOM OF THE 9TH
Arizona State Sun Devils batting - Pitching for Auburn Tigers : RHP Simon Ward
Pitching: RHP Eddy Jackson
Batting: LHB José Serrano 0-0: Ball
1-0: Called Strike
1-1: Swinging Strike
1-2: Foul Ball, location: 2F
1-2: Strikes out swinging
Batting: SHB Doyle Goodwin 0-0: Ball
1-0: Called Strike
1-1: Fly out, F2 (Popup, 15)
Batting: LHB Juan Guzmán 0-0: Ball
1-0: Ball
2-0: Called Strike
2-1: Swinging Strike
2-2: Strikes out swinging
Bottom of the 9th over - 0 run(s), 0 hit(s), 0 error(s), 0 left on base; Auburn 3 - Arizona State 1
Tuesday, August 8th, 2017 - OOTP Baseball 17.12 Build 75